Map: Ice and Chrome LE

Players

ntr - Winner!

  • Race: Terran Terran
  • Spawn Location: 1:00

Fingolfin

  • Race: Zerg Zerg
  • League: Platinum
  • Spawn Location: 7:00

VOD

Have the link to the VOD?

Description

Time

  • Played on: Sept. 24, 2020, 5:56 p.m.
  • Length: 13:04
Show
View Real Time Build Order
Export as new Build Order

ntr Terran - Winner!

Build Orders:  

Get SALT Encoding   

  12  0:00  SCV  
  13  0:12  SCV  
  14  0:18  Supply Depot  
  14  0:24  SCV  
  15  0:39  SCV  
  15  0:41  Barracks  
  16  0:50  Refinery  
  16  0:51  SCV  
  17  1:04  SCV  
  18  1:16  SCV  
  20  1:33  Orbital Command  
  20  1:34  Supply Depot  
  19  1:42  Barracks Reactor  
  19  1:56  Command Center  
  19  1:58  SCV  
  20  2:12  SCV  
  21  2:22  Marine x2  
  21  2:24  SCV  
  24  2:39  Bunker, SCV  
  25  2:59  Marine x2  
  25  3:01  SCV  
  28  3:13  Factory  
  28  3:21  Supply Depot  
  28  3:29  Orbital Command  
  28  3:31  SCV  
  29  3:38  Marine x2  
  31  3:43  SCV  
  31  3:47  Supply Depot  
  32  3:56  Marine x2, SCV  
  32  3:57  SCV  
  32  3:58  Factory Tech Lab  
  32  4:01  Starport  
  36  4:08  SCV  
  37  4:11  Supply Depot  
  37  4:22  Command Center  
  37  4:24  Refinery  
  37  4:25  SCV  
  37  4:26  SCV  
  37  4:28  Marine  
  37  4:29  Marine  
  41  4:33  Supply Depot  
  41  4:36  Siege Tank  
  44  4:58  Marine  
  44  4:59  Marine  
  46  5:02  Viking  
  48  5:07  Barracks  
  48  5:11  Barracks  
  48  5:18  Siege Tank  
  48  5:20  Marine x2  
  53  5:26  SCV x2  
  55  5:41  Marine x2  
  57  5:45  SCV x2  
  60  5:57  SCV x2  
  60  5:59  Barracks Reactor  
  60  6:02  Barracks Tech Lab  
  60  6:03  Marine x2  
  63  6:04  Siege Tank  
  63  6:05  Medivac  
  68  6:39  Stimpack  
  68  6:42  Engineering Bay  
  68  6:44  Engineering Bay  
  63  6:58  Marine  
  63  6:59  Marine x3  
  63  7:00  Medivac, Siege Tank, Marauder  
  74  7:20  Supply Depot  
  74  7:23  Supply Depot  
  74  7:39  Planetary Fortress  
  74  7:45  SCV x2  
  74  7:50  Marine x3  
  74  7:51  Marine  
  80  7:52  Marauder  
  80  7:53  Siege Tank  
  85  7:59  Refinery  
  85  8:00  Starport Tech Lab  
  85  8:07  Starport Reactor  
  85  8:08  Marine x4  
  85  8:11  Command Center  
  89  8:13  Marine  
  89  8:17  Terran Infantry Weapons Level 1  
  90  8:21  SCV  
  90  8:26  Marine x4  
  95  8:31  Marine  
  95  8:33  SCV  
  97  8:36  Terran Infantry Armor Level 1  
  91  8:44  Marine x4  
  90  8:49  Marauder  
  92  9:01  Marine  
  93  9:13  Marine x4  
  93  9:15  Siege Tank  
  93  9:16  Medivac  
  102  9:22  Refinery  
  102  9:27  Refinery  
  102  9:32  Marauder  
  102  9:34  Planetary Fortress  
  104  9:50  Armory  
  104  10:27  SCV x2  
  104  10:28  Marine x5, SCV  
  110  10:29  Siege Tank  
  110  10:30  Medivac x2  
  119  10:45  Marine  
  119  10:46  Marine x4  
  120  11:02  Siege Tank  
  120  11:03  Marine  
  114  11:17  Marine x4  
  116  11:21  Marine  
  117  11:26  Medivac x2  
  121  11:34  Siege Tank  
  121  11:35  Marine x4  
  121  11:39  Marine  
  129  11:52  Marine  
  129  11:53  Marine x3  
  133  11:57  Marine  
  134  12:10  SCV x3  
  137  12:22  SCV x2  
  130  12:40  Marine x2  
  130  12:41  Marine x2  
Show
View Real Time Build Order
Export as new Build Order

Fingolfin Zerg 

Build Orders: Hatch First 

Get SALT Encoding   

  12  0:00  Drone  
  13  0:12  Overlord  
  13  0:16  Drone  
  14  0:31  Drone x2  
  16  0:50  Hatchery  
  16  0:53  Drone  
  16  0:56  Drone  
  17  0:59  Drone  
  18  1:15  Spawning Pool  
  17  1:18  Drone  
  17  1:24  Extractor  
  18  1:25  Drone  
  18  1:32  Overlord  
  18  1:40  Drone  
  19  1:52  Drone  
  20  2:02  Queen x2, Drone  
  20  2:04  Zergling x2  
  26  2:12  Drone  
  27  2:16  Zergling x2  
  28  2:23  Zergling x2  
  28  2:26  Drone  
  30  2:46  Spine Crawler  
  30  2:49  Drone x4  
  30  2:50  Spine Crawler  
  32  2:58  Roach Warren  
  30  3:04  Lair  
  30  3:09  Extractor, Drone x3  
  32  3:15  Overlord  
  32  3:27  Drone  
  32  3:28  Drone x3  
  32  3:32  Overlord  
  36  3:36  Drone x2  
  38  3:41  Drone  
  38  3:45  Roach  
  41  3:54  Roach  
  41  3:55  Roach x2  
  47  4:02  Roach x2  
  51  4:06  Overseer  
  51  4:08  Drone  
  52  4:10  Overlord  
  52  4:11  Overlord  
  52  4:14  Extractor  
  52  4:16  Extractor, Drone  
  51  4:18  Drone  
  52  4:29  Overlord x2  
  52  4:34  Roach x2  
  56  4:47  Roach x4  
  64  4:54  Hydralisk Den  
  64  4:56  Drone  
  64  4:58  Drone x3  
  67  5:07  Ravager x2  
  67  5:12  Drone  
  67  5:13  Drone x2  
  72  5:14  Overlord  
  72  5:20  Ravager  
  73  5:24  Overlord  
  73  5:26  Drone  
  74  5:39  Drone x3  
  74  5:41  Overlord  
  79  5:42  Roach  
  79  5:43  Roach  
  79  5:48  Ravager x2  
  83  5:54  Hydralisk  
  85  6:00  Drone  
  85  6:01  Hydralisk  
  88  6:16  Hydralisk x3  
  94  6:27  Roach x3  
  94  6:29  Overlord x3  
  77  6:57  Hydralisk x8  
  77  7:01  Queen  
  95  7:22  Roach x4  
  103  7:30  Extractor, Hatchery  
  103  7:32  Evolution Chamber  
  103  7:35  Evolution Chamber  
  99  7:37  Drone  
  99  7:38  Drone  
  99  7:42  Roach x5  
  111  7:55  Grooved Spines  
  111  7:57  Glial Reconstitution  
  111  8:01  Overlord x3  
  111  8:12  Zerg Ground Armor Level 1, Zerg Missile Weapons Level 1  
  111  8:14  Drone x5  
  111  8:16  Overlord x3  
  116  8:31  Hydralisk x4  
  79  8:51  Roach x7  
  79  8:54  Drone  
  94  9:04  Hatchery  
  93  9:11  Hydralisk x3  
  93  9:12  Hatchery  
  98  9:20  Hydralisk x3  
  104  9:27  Drone x5  
  109  9:44  Spire  
  108  9:49  Extractor  
  107  9:59  Drone x3  
  110  10:01  Drone x3  
  110  10:02  Overlord x2  
  110  10:03  Hydralisk  
  110  10:04  Hydralisk x3  
  121  10:11  Extractor  
  121  10:13  Zerg Missile Weapons Level 2  
  121  10:14  Zerg Ground Armor Level 2  
  120  10:27  Drone x10  
  130  10:31  Queen  
  130  10:33  Drone  
  130  10:34  Drone  
  134  10:39  Queen  
  136  10:49  Roach  
  134  10:50  Roach x5  
  134  10:56  Roach x3  
  129  11:07  Roach  
  129  11:08  Roach x6  
  106  11:16  Roach x5  
  108  11:22  Roach x2  
  108  11:23  Roach  
  109  11:29  Roach x3  
  93  11:53  Roach x7  
  93  11:54  Roach x4  
  113  12:03  Roach x3  
  113  12:04  Roach  
  105  12:28  Roach  
  105  12:29  Roach x9  
  117  12:39  Roach x4  
Tags
 
Add a new tag
Caveats
  • Supply blocks, unpowered buildings, or Contaminate may cause inaccurate times.
  • Supply counts are checked every 10 seconds.